 Dungeon Crawl Stone Soup version 0.30-a0-135-g630cfc4551 (webtiles) character file.

Game seed: 15731463078890465931

76 juncz the Magician (level 4, 0/34 HPs)
             Began as a Djinni Conjurer on Sept 21, 2022.
             Slain by Grinder (6 damage)
             ... on level 3 of the Dungeon.
             The game lasted 00:04:12 (2702 turns).

juncz the Magician (Djinni Conjurer)                Turns: 2702, Time: 00:04:12

Health: 0/34       AC:  3    Str:  6    XL:     4   Next: 57%
Gold:   119        EV: 12    Int: 22    God:
                   SH:  0    Dex: 11

rFire   + + .      SeeInvis .    (no weapon)
rCold   x . .      Faith    .    (no shield)
rNeg    . . .      Spirit   .    a - +0 robe
rPois   ∞          Reflect  .    (no helmet)
rElec   .          Harm     .    o - +0 cloak
rCorr   .          Rampage  .    (no gloves)
Will    .....                    (boots unavailable)
Stlth   ++........               (no amulet)
HPRegen 0.11/turn                (no ring)
MPRegen 0.00/turn                (no ring)

@: flying
A: sickness immunity, fire resistance 2, cold vulnerability 1, float, innate
caster, HP casting, extra vitality 1
a: no special abilities


You were on level 3 of the Dungeon.
You visited 1 branch of the dungeon, and saw 3 of its levels.

You collected 169 gold pieces.
You spent 50 gold pieces at shops.

Inventory:

Missiles
 n - a throwing net
Armour
 a - a +0 robe (worn)
 o - a +0 cloak (worn)
Scrolls
 d - a scroll of summoning {unknown}
 e - 3 scrolls of identify {unknown}
 f - 3 scrolls of teleportation {unknown}
 h - a scroll of noise {unknown}
 j - a scroll of enchant armour {unknown}
Potions
 b - a potion of berserk rage {unknown}
 c - a potion of heal wounds
 g - a potion of cancellation {unknown}
 i - a potion of might {unknown}
 k - a potion of attraction {unknown}
 l - 2 potions of resistance {unknown}
 m - a potion of invisibility {unknown}


   Skills:
 + Level 2.5 Fighting
 - Level 2.1 Dodging
 - Level 1.5 Stealth
 + Level 3.9 Spellcasting


You couldn't memorise any spells.
You knew the following spells:

 Your Spells              Type           Power      Damage    Failure   Level
a - Magic Dart            Conj           84%        1d7       2%          1
b - Searing Ray           Conj           42%        2d6       3%          2
c - Dazzling Flash        Conj/Hex       42%        N/A       7%          3
d - Fulminant Prism       Conj/Hex       10%        3d9       22%         4
e - Iskenderun's Mystic   Conj/Tloc      21%        2d6       22%         4
f - Slow                  Hex            84%        N/A       2%          1
Your spell library was empty.

Dungeon Overview and Level Annotations

Branches:
Dungeon (3/15)

Altars:

Shops:
D:1 !

Annotations:
D:3 Grinder


Innate Abilities, Weirdness & Mutations

You are immune to sickness and miasma.
You are immune to poison.
Your flesh is very heat resistant. (rF++)
You are vulnerable to cold. (rC-)
You float through the air rather than walking.
You learn spells naturally, not from books.
Your magical power is your life essence.
You have superior vitality. (+4 MHP)


Message History

Grinder is heavily wounded.
* * * LOW HITPOINT WARNING * * *
Casting: Magic Dart (safe; 2% risk of failure)
Confirm with . or Enter, or press ? or * to list all spells.
Aiming: Magic Dart (safe; 2% risk of failure)
Press: ? - help, Shift-Dir - straight line, f/p - Grinder
Aim: Grinder, carrying a wand of flame (13) (heavily wounded, slow, 100% to hit)
The magic dart hits Grinder.
Grinder is severely wounded.
* * * LOW HITPOINT WARNING * * *
Grinder blinks!
You feel much better. Grinder hits you.
Casting: Magic Dart (safe; 2% risk of failure)
Confirm with . or Enter, or press ? or * to list all spells.
Aiming: Magic Dart (safe; 2% risk of failure)
Press: ? - help, Shift-Dir - straight line, f/p - Grinder
Aim: Grinder, carrying a wand of flame (13) (heavily wounded, slow, 100% to hit)
The magic dart hits Grinder.
Grinder is severely wounded.
Your magical contamination has completely faded away.
Casting: Magic Dart (safe; 2% risk of failure)
Confirm with . or Enter, or press ? or * to list all spells.
Aiming: Magic Dart (safe; 2% risk of failure)
Press: ? - help, Shift-Dir - straight line, f/p - Grinder
Aim: Grinder, carrying a wand of flame (13) (severely wounded, slow, 100% to hit)
The magic dart hits Grinder.
Grinder is almost dead.
Grinder hits you!
You writhe in agony.
* * * LOW HITPOINT WARNING * * *
The quokka closely misses you.
Casting: Magic Dart (safe; 2% risk of failure)
Confirm with . or Enter, or press ? or * to list all spells.
Aiming: Magic Dart (safe; 2% risk of failure)
Press: ? - help, Shift-Dir - straight line, f/p - Grinder
Aim: Grinder, carrying a wand of flame (13) (almost dead, slow, 100% to hit)
The magic dart hits Grinder.
Grinder is almost dead.
* * * LOW HITPOINT WARNING * * *
The quokka closely misses you. Grinder hits you.
You die...

#############
############............
......r@5....##########.
############## #[ #. #.#
#. #.# #. #.# #. #.# #.
#.# #. ########### #.#
#.


You could see Grinder (slow) and a quokka.

Vanquished Creatures
  2 adders
  3 worms (D:2)
  A dart slug (D:1)
  3 endoplasms
  A giant cockroach (D:3)
  8 goblins
  10 hobgoblins
  3 jackals (D:2)
  2 kobolds
  4 ball pythons
  A bat (D:2)
  2 frilled lizards
  5 rats
45 creatures vanquished.

Notes
Turn   | Place    | Note
-------+----------+-------------------------------------------
     0 | D:1      | juncz the Djinni Conjurer began the quest for the Orb.
     0 | D:1      | juncz set off with the following spells memorised: Magic
                  | Dart, Searing Ray, Dazzling Flash, Fulminant Prism,
                  | Iskenderun's Mystic Blast.
     0 | D:1      | Reached XP level 1. HP: 15/15 MP: 0/0
   285 | D:1      | Reached skill level 1 in Fighting
   285 | D:1      | Reached XP level 2. HP: 19/22 MP: 0/0
   332 | D:1      | Found Zeecvoil's Distillery.
   425 | D:1      | Bought a potion of heal wounds for 50 gold pieces
   986 | D:2      | Reached XP level 3. HP: 25/27 MP: 0/0
   986 | D:2      | Learned a level 1 spell: Slow
  1425 | D:2      | Identified the +3 leather armour of Geacwauv {rF- rC+
                  | Str+4}
  1556 | D:2      | Reached XP level 4. HP: 26/33 MP: 0/0
  2686 | D:3      | Noticed Grinder
  2702 | D:3      | Slain by Grinder

Illustrated notes

Levels and vault maps discovered:
D:1:      dpeg_arrival_castle, layout_basic, serial_shops, shop,
          minmay_strange_pillars
D:2:      layout_loops_ring, serial_rivers, chequers_serial_rivers_room_b,
          chequers_serial_rivers_micro_c, chequers_serial_rivers_large_b,
          chequers_serial_rivers_room_a, chequers_serial_rivers_room_b,
          minmay_goblin_outpost
D:3:      layout_basic, minivault_11, uniq_grinder, uniq_robin, uniq_terence

Skill      XL: |  1  2  3 |
---------------+----------+-----
Fighting       | 1 2 |  2.5
Dodging        | |  2.1
Stealth        | |  1.5
Spellcasting   | |  3.9

Action                   |  1- 3 |  4- 6 || total
-------------------------+-------+-------++-------
 Cast: Magic Dart        |    77 |    47 ||   124
       Slow              |       |     1 ||     1
  Use: Potion            |     1 |     1 ||     2
Armor: Robe              |     1 |       ||     1
Dodge: Dodged            |     6 |     3 ||     9

Table legend: (Time is in decaauts)
 A = Elapsed time spent in this place.
 B = Non-inter-level travel time spent in this place.
 C = Inter-level travel time spent in this place.
 D = Time resting spent in this place.
 E = Time spent auto-exploring this place.
 F = Levels seen in this place.
 G = Mean time per level.
                   A        B        C        D        E       F      G
               +--------+--------+--------+--------+--------+-----+--------+
         Total |   2701 |   2634 |     67 |      0 |   2424 |   3 |  900.3 |
       Dungeon |   2701 |   2634 |     67 |      0 |   2424 |   3 |  900.3 |
               +--------+--------+--------+--------+--------+-----+--------+

Top non-repeatable levels by time:
     D:2: 1557 daAuts
     D:1: 948 daAuts
     D:3: 195 daAuts
